| TOP OF THE 1ST |
|
Victoria Capitals batting - Pitching for Amarillo ThunderHeads : RHP Jorge Burruel
|
|
Pitching: RHP Jorge Burruel
|
|
|
Batting: LHB Addisu Nyamekye
|
0-0: Called Strike 0-1: Ball 1-1: Foul Ball, location: 2F 1-2: Hit by Pitch
|
|
Batting: RHB Jesus Santiago
|
0-0: Called Strike Addisu Nyamekye steals 2nd base 0-1: Ground out 1-3 (Groundball, P, EV 71.2 MPH) Addisu Nyamekye to third
|
|
Batting: LHB Taki Matsui
|
0-0: Foul Ball, location: 2F 0-1: Ground out U3 (Groundball, 3L, EV 80.0 MPH)
|
|
Batting: RHB Ross Hallock
|
0-0: Foul Ball, location: 2F 0-1: Ball 1-1: Ground out U3 (Groundball, 34, EV 102.5 MPH)
|
| Top of the 1st over - 0 runs, 0 hits, 0 errors, 1 left on base; Victoria 0 - Amarillo 0 |
| BOTTOM OF THE 1ST |
|
Amarillo ThunderHeads batting - Pitching for Victoria Capitals : LHP Geoff Klaas
|
|
Pitching: LHP Geoff Klaas
|
|
|
Batting: RHB Sam Voss
|
0-0: Fly out, F7 (Flyball, 7, EV 93.1 MPH)
|
|
Batting: RHB Evan Fry
|
0-0: Ball 1-0: Ball 2-0: Called Strike 2-1: Ball 3-1: Foul Ball, location: 2F 3-2: Base on Balls
|
|
Batting: RHB Robert Topete
|
0-0: Ball 1-0: Foul Ball, location: 2F 1-1: Ball 2-1: Ground out 5-3 (Groundball, 56, EV 102.5 MPH) Evan Fry to second
|
|
Batting: LHB Danny Moreno
|
0-0: Called Strike 0-1: Called Strike 0-2: Ball 1-2: Ball 2-2: Ball 3-2: Foul Ball, location: 2F 3-2: Foul Ball, location: 2F 3-2: Foul Ball, location: 2F 3-2: Fly out, F7 (Flyball, 7D, EV 87.5 MPH)
|
| Bottom of the 1st over - 0 runs, 0 hits, 0 errors, 1 left on base; Victoria 0 - Amarillo 0 |
| TOP OF THE 2ND |
|
Victoria Capitals batting - Pitching for Amarillo ThunderHeads : RHP Jorge Burruel
|
|
Batting: RHB Rich Griffith
|
0-0: Ball 1-0: SINGLE (Line Drive, 8LS, EV 90.0 MPH)
|
|
Batting: LHB Matt Hepburn
|
0-0: Ball 1-0: Foul Ball, location: 2F 1-1: Ground out 4-3 (Groundball, 34S, EV 90.6 MPH) Rich Griffith to second
|
|
Batting: RHB Josh Rentz
|
0-0: Ball 1-0: Called Strike 1-1: Foul Ball, location: 2F 1-2: Strikes out swinging
|
|
Batting: LHB Jason Cary
|
0-0: Ball 1-0: Ball 2-0: Called Strike 2-1: Foul Ball, location: 2F 2-2: Foul Ball, location: 2LF, Error on foul ball, E2 2-2: Fly out, F6 (Line Drive, 6M, EV 75.0 MPH)
|
| Top of the 2nd over - 0 runs, 1 hit, 1 error, 1 left on base; Victoria 0 - Amarillo 0 |
| BOTTOM OF THE 2ND |
|
Amarillo ThunderHeads batting - Pitching for Victoria Capitals : LHP Geoff Klaas
|
|
Batting: RHB Ryan Salas
|
0-0: Ball 1-0: Ball 2-0: Called Strike 2-1: Single, Error in OF, E8, batter to second base (Groundball, 6MD, EV 106.9 MPH)
|
|
Batting: LHB Alex Rivera
|
0-0: Foul Ball, location: 2F 0-1: Ground out 3-1 (Groundball, 34S, EV 85.6 MPH) Ryan Salas to third
|
|
Batting: RHB Bill Flannery
|
0-0: Foul Ball, location: 2F 0-1: Foul Ball, location: 2F 0-2: TRIPLE (Line Drive, 78XD, EV 104.4 MPH) Ryan Salas scores
|
|
Batting: RHB Pat Martin
|
0-0: Called Strike 0-1: Fly out, F3 (Popup, 3SF, EV 76.9 MPH)
|
|
Batting: RHB Josh Shoemaker
|
0-0: Ball 1-0: Ball 2-0: Foul Ball, location: 2F 2-1: SINGLE (Groundball, 56D, EV 102.5 MPH) Bill Flannery scores
|
|
Batting: RHB Sam Voss
|
0-0: Ball 1-0: Called Strike 1-1: Ground out 6-3 (Groundball, 4MS, EV 80.6 MPH)
|
| Bottom of the 2nd over - 2 runs, 3 hits, 1 error, 1 left on base; Victoria 0 - Amarillo 2 |
| TOP OF THE 3RD |
|
Victoria Capitals batting - Pitching for Amarillo ThunderHeads : RHP Jorge Burruel
|
|
Batting: RHB Tristan Martin
|
0-0: Called Strike 0-1: Ground out 6-3 (Groundball, P, EV 80.6 MPH)
|
|
Batting: LHB Addisu Nyamekye
|
0-0: Foul Ball, location: 2F 0-1: Ball 1-1: Foul Ball, location: 2F 1-2: Ground out 6-3 (Groundball, 6, EV 105.0 MPH)
|
|
Batting: RHB Jesus Santiago
|
0-0: Ball 1-0: Foul Ball, location: 2F 1-1: Foul Ball, location: 2F 1-2: Foul Ball, location: 2F 1-2: Ball 2-2: SOLO HOME RUN (Flyball, 7LD, EV 94.4 MPH), Distance : 330 ft
|
|
Batting: LHB Taki Matsui
|
0-0: Called Strike 0-1: Ball 1-1: Ball 2-1: Called Strike 2-2: Ball 3-2: Base on Balls
|
|
Batting: RHB Ross Hallock
|
0-0: Ball 1-0: Foul Ball, location: 2F 1-1: Ball 2-1: Ball 3-1: Fielders Choice at 2nd, 6-4 (Groundball, 6, EV 90.6 MPH)
|
| Top of the 3rd over - 1 run, 1 hit, 0 errors, 1 left on base; Victoria 1 - Amarillo 2 |
| BOTTOM OF THE 3RD |
|
Amarillo ThunderHeads batting - Pitching for Victoria Capitals : LHP Geoff Klaas
|
|
Batting: RHB Evan Fry
|
0-0: Fly out, F9 (Flyball, 9D, EV 97.5 MPH)
|
|
Batting: RHB Robert Topete
|
0-0: Ball 1-0: Ball 2-0: DOUBLE (Line Drive, 89D, EV 108.1 MPH)
|
|
Batting: LHB Danny Moreno
|
0-0: Ball 1-0: Called Strike 1-1: Called Strike 1-2: Ball 2-2: Foul Ball, location: 2F 2-2: Foul Ball, location: 2F 2-2: Ball 3-2: Foul Ball, location: 2F 3-2: Fly out, F8 (Flyball, 8RM, EV 98.1 MPH)
|
|
Batting: RHB Ryan Salas
|
0-0: Ball 1-0: Ball 2-0: Called Strike 2-1: Called Strike 2-2: Ball 3-2: Foul Ball, location: 2F 3-2: Base on Balls
|
|
Batting: LHB Alex Rivera
|
0-0: Foul Ball, location: 2F 0-1: Ball 1-1: Foul Ball, location: 2F 1-2: Foul Ball, location: 2F 1-2: Foul Ball, location: 2F 1-2: Ball 2-2: Foul Ball, location: 2F 2-2: 3-RUN HOME RUN (Line Drive, 89XD, EV 105.0 MPH), Distance : 397 ft
|
|
Batting: RHB Bill Flannery
|
0-0: Ball 1-0: Ball 2-0: SINGLE (Line Drive, 4M, EV 98.1 MPH)
|
|
Batting: RHB Pat Martin
|
0-0: TRIPLE (Line Drive, 9LD, EV 106.2 MPH) Bill Flannery scores
|
|
Batting: RHB Josh Shoemaker
|
0-0: Foul Ball, location: 2F 0-1: Foul Ball, location: 2F 0-2: Ground out 5-3 (Groundball, 5, EV 96.2 MPH)
|
| Bottom of the 3rd over - 4 runs, 4 hits, 0 errors, 1 left on base; Victoria 1 - Amarillo 6 |
| TOP OF THE 4TH |
|
Victoria Capitals batting - Pitching for Amarillo ThunderHeads : RHP Jorge Burruel
|
|
Batting: RHB Rich Griffith
|
0-0: Ball 1-0: Foul Ball, location: 2F 1-1: Ball 2-1: Fly out, F9 (Flyball, 9LD, EV 83.8 MPH)
|
|
Batting: LHB Matt Hepburn
|
0-0: Called Strike 0-1: Called Strike 0-2: Ball 1-2: Strikes out swinging
|
|
Batting: RHB Josh Rentz
|
0-0: Called Strike 0-1: Called Strike 0-2: Ball 1-2: Ball 2-2: Strikes out swinging
|
| Top of the 4th over - 0 runs, 0 hits, 0 errors, 0 left on base; Victoria 1 - Amarillo 6 |
| BOTTOM OF THE 4TH |
|
Amarillo ThunderHeads batting - Pitching for Victoria Capitals : LHP Geoff Klaas
|
|
Batting: RHB Sam Voss
|
0-0: Ball 1-0: Ball 2-0: Foul Ball, location: 2F 2-1: Foul Ball, location: 2F 2-2: Ball 3-2: Foul Ball, location: 2F 3-2: Foul Ball, location: 2F 3-2: TRIPLE (Groundball, 3L, EV 95.6 MPH)
|
|
Batting: RHB Evan Fry
|
0-0: Foul Ball, location: 2F 0-1: Ball 1-1: Swinging Strike 1-2: Ground out 4-3 (Groundball, 34D, EV 105.6 MPH) Sam Voss scores
|
|
Batting: RHB Robert Topete
|
0-0: Called Strike 0-1: Swinging Strike 0-2: Strikes out swinging
|
|
Batting: LHB Danny Moreno
|
0-0: Ball 1-0: Foul Ball, location: 2F 1-1: Swinging Strike 1-2: Strikes out looking
|
| Bottom of the 4th over - 1 run, 1 hit, 0 errors, 0 left on base; Victoria 1 - Amarillo 7 |
| TOP OF THE 5TH |
|
Victoria Capitals batting - Pitching for Amarillo ThunderHeads : RHP Jorge Burruel
|
|
Batting: LHB Jason Cary
|
0-0: Called Strike 0-1: Ball 1-1: SINGLE (Flyball, 78S, EV 91.2 MPH)
|
|
Batting: RHB Tristan Martin
|
0-0: SINGLE (Line Drive, 89S, EV 96.2 MPH) Jason Cary to second
|
|
Batting: LHB Addisu Nyamekye
|
0-0: Foul Ball, location: 2F 0-1: Ball 1-1: Foul Ball, location: 2F 1-2: Foul Ball, location: 2F 1-2: Ball 2-2: Foul Ball, location: 2F 2-2: Ball 3-2: SINGLE (Groundball, 4MD, EV 105.6 MPH) Jason Cary to third Tristan Martin to second Runner from 3rd tries for Home, SAFE, throw by CF to home
|
|
Batting: RHB Jesus Santiago
|
0-0: Swinging Strike 0-1: Foul Ball, location: 2F 0-2: Ball 1-2: Strikes out swinging
|
|
Batting: LHB Taki Matsui
|
0-0: Foul Ball, location: 2F 0-1: Ball 1-1: Ball 2-1: Fly out, F9 (Flyball, 89M, EV 83.8 MPH)
|
|
Batting: RHB Ross Hallock
|
0-0: Fly out, F8 (Flyball, 89M, EV 93.1 MPH)
|
| Top of the 5th over - 1 run, 3 hits, 0 errors, 2 left on base; Victoria 2 - Amarillo 7 |
| BOTTOM OF THE 5TH |
|
Amarillo ThunderHeads batting - Pitching for Victoria Capitals : LHP Geoff Klaas
|
|
Pitching: RHP Kyle Wood
|
|
|
Batting: RHB Ryan Salas
|
0-0: Foul Ball, location: 2F 0-1: Ball 1-1: Foul Ball, location: 2F 1-2: Fly out, F7 (Line Drive, 7, EV 96.9 MPH)
|
|
Batting: LHB Alex Rivera
|
0-0: Ball 1-0: Called Strike 1-1: Swinging Strike 1-2: Ball 2-2: Ball 3-2: Foul Ball, location: 2F 3-2: Strikes out swinging
|
|
Batting: RHB Bill Flannery
|
0-0: Ball 1-0: Called Strike 1-1: Swinging Strike 1-2: Foul Ball, location: 2F 1-2: Ball 2-2: Strikes out swinging
|
| Bottom of the 5th over - 0 runs, 0 hits, 0 errors, 0 left on base; Victoria 2 - Amarillo 7 |
| TOP OF THE 6TH |
|
Victoria Capitals batting - Pitching for Amarillo ThunderHeads : RHP Jorge Burruel
|
|
Batting: RHB Rich Griffith
|
0-0: Called Strike 0-1: Foul Ball, location: 2F 0-2: Ball 1-2: Strikes out swinging
|
|
Batting: LHB Matt Hepburn
|
0-0: Called Strike 0-1: Foul Ball, location: 2F 0-2: Strikes out looking
|
|
Batting: RHB Josh Rentz
|
0-0: Ball 1-0: Foul Ball, location: 2F 1-1: Fly out, F9 (Flyball, 9S, EV 85.6 MPH)
|
| Top of the 6th over - 0 runs, 0 hits, 0 errors, 0 left on base; Victoria 2 - Amarillo 7 |
| BOTTOM OF THE 6TH |
|
Amarillo ThunderHeads batting - Pitching for Victoria Capitals : RHP Kyle Wood
|
|
Batting: RHB Pat Martin
|
0-0: Ball 1-0: Swinging Strike 1-1: SINGLE (Groundball, 56D, EV 96.2 MPH)
|
|
Batting: RHB Josh Shoemaker
|
0-0: Foul Ball, location: 2F 0-1: Ball 1-1: Ball 2-1: DOUBLE (Flyball, 89XD, EV 96.2 MPH) Pat Martin to third
|
|
Batting: RHB Sam Voss
|
0-0: Foul Ball, location: 2F 0-1: Ball 1-1: Ball 2-1: Ground out 6-3 (Groundball, 6S, EV 67.5 MPH) Pat Martin scores Josh Shoemaker to third
|
|
Batting: RHB Evan Fry
|
0-0: Foul Ball, location: 2F 0-1: Foul Ball, location: 2F 0-2: Strikes out swinging
|
|
Batting: RHB Robert Topete
|
0-0: Called Strike 0-1: Called Strike 0-2: Strikes out swinging
|
| Bottom of the 6th over - 1 run, 2 hits, 0 errors, 1 left on base; Victoria 2 - Amarillo 8 |
| TOP OF THE 7TH |
|
Victoria Capitals batting - Pitching for Amarillo ThunderHeads : RHP Jorge Burruel
|
|
Batting: LHB Jason Cary
|
0-0: Foul Ball, location: 2F 0-1: SINGLE (Line Drive, 8RS, EV 102.5 MPH)
|
|
Batting: RHB Tristan Martin
|
0-0: Ball 1-0: Fly out, F7 (Flyball, 7LS, EV 83.8 MPH)
|
|
Batting: LHB Addisu Nyamekye
|
Pickoff Throw to First - Out! 1-3 0-0: Called Strike 0-1: Foul Ball, location: 2F 0-2: Ball 1-2: Ball 2-2: Foul Ball, location: 2F 2-2: Ball 3-2: Ground out 5-3 (Groundball, 5, EV 90.0 MPH)
|
| Top of the 7th over - 0 runs, 1 hit, 0 errors, 0 left on base; Victoria 2 - Amarillo 8 |
| BOTTOM OF THE 7TH |
|
Amarillo ThunderHeads batting - Pitching for Victoria Capitals : RHP Kyle Wood
|
|
Pitching: LHP Matt Lee
|
|
|
Batting: LHB Danny Moreno
|
0-0: Called Strike 0-1: Called Strike 0-2: Ball 1-2: Strikes out swinging
|
|
Batting: RHB Ryan Salas
|
0-0: Ball 1-0: Ball 2-0: Ball 3-0: Base on Balls
|
|
Batting: LHB Alex Rivera
|
0-0: Foul Ball, location: 2F 0-1: Called Strike 0-2: Ball 1-2: Fly out, F8 (Flyball, 8RS, EV 90.6 MPH)
|
|
Batting: RHB Bill Flannery
|
0-0: Ground out 4-3 (Groundball, 4, EV 88.8 MPH)
|
| Bottom of the 7th over - 0 runs, 0 hits, 0 errors, 1 left on base; Victoria 2 - Amarillo 8 |
| TOP OF THE 8TH |
|
Victoria Capitals batting - Pitching for Amarillo ThunderHeads : RHP Jorge Burruel
|
|
Pitching: RHP Dan Corrow
|
|
|
Batting: RHB Jesus Santiago
|
0-0: Swinging Strike 0-1: Ball 1-1: Ball 2-1: Foul Ball, location: 2F 2-2: Ball 3-2: Foul Ball, location: 2F 3-2: Foul Ball, location: 2F 3-2: Fly out, F8 (Flyball, 8LD, EV 83.1 MPH)
|
|
Batting: LHB Taki Matsui
|
0-0: Ball 1-0: Ball 2-0: Called Strike 2-1: Foul Ball, location: 2F 2-2: Foul Ball, location: 2F 2-2: Strikes out swinging
|
|
Batting: RHB Ross Hallock
|
0-0: Ball 1-0: SOLO HOME RUN (Flyball, 9LD, EV 96.2 MPH), Distance : 330 ft
|
|
Batting: RHB Rich Griffith
|
0-0: Ball 1-0: Ball 2-0: Called Strike 2-1: Foul Ball, location: 2F 2-2: Strikes out swinging
|
| Top of the 8th over - 1 run, 1 hit, 0 errors, 0 left on base; Victoria 3 - Amarillo 8 |
| BOTTOM OF THE 8TH |
|
Amarillo ThunderHeads batting - Pitching for Victoria Capitals : LHP Matt Lee
|
|
Batting: RHB Pat Martin
|
0-0: Called Strike 0-1: Foul Ball, location: 2F 0-2: Ball 1-2: Strikes out looking
|
|
Batting: RHB Josh Shoemaker
|
0-0: Called Strike 0-1: Ball 1-1: Swinging Strike 1-2: Foul Ball, location: 2F 1-2: Ground out 5-3 (Groundball, 56, EV 108.1 MPH)
|
|
Batting: RHB Sam Voss
|
0-0: Swinging Strike 0-1: Foul Ball, location: 2F 0-2: Strikes out looking
|
| Bottom of the 8th over - 0 runs, 0 hits, 0 errors, 0 left on base; Victoria 3 - Amarillo 8 |
| TOP OF THE 9TH |
|
Victoria Capitals batting - Pitching for Amarillo ThunderHeads : RHP Dan Corrow
|
|
Pinch Hitting: RHB Steve Carmichael
|
0-0: Called Strike 0-1: Ground out 6-3 (Groundball, 6, EV 83.8 MPH)
|
|
Batting: RHB Josh Rentz
|
0-0: Swinging Strike 0-1: Called Strike 0-2: Ball 1-2: Strikes out swinging
|
|
Pinch Hitting: RHB Jeremy Marin
|
0-0: Ball 1-0: Foul Ball, location: 2F 1-1: Swinging Strike 1-2: Ball 2-2: Ground out 6-3 (Groundball, P, EV 90.6 MPH)
|
| Top of the 9th over - 0 runs, 0 hits, 0 errors, 0 left on base; Victoria 3 - Amarillo 8 |
|